[Event "Djerba Festival Open-B 2025"]
[Site "Djerba"]
[Date "2025.02.21"]
[Round "5.25"]
[White "Morales, Maxime"]
[Black "Dauvois, Theo"]
[Result "0-1"]
[Annotator "NA RC"]
[ECO "D04"]
[WhiteElo "1781"]
[BlackElo "1663"]
[PlyCount "118"]
[EventDate "2025.02.15"]
[EventType "swiss"]
[EventCountry "TUN"]
[SourceTitle "playchess.com"]
[Source "ChessBase"]
[SourceQuality "1"]
[TimeControl "5400+30"]

1. d4 d5 2. Nf3 Nf6 3. e3 c5 4. Bb5+ Nc6 5. O-O e6 6. b3 a6 7. Be2 cxd4 8. exd4 Bd6 9. Bb2 O-O 10. Nbd2 Qc7 11. a3 Ne4 12. c4 Bf4 13. h3 Nxd2 14. Nxd2 Bg5 15. Nf3 Bf6 16. Rc1 Rd8 17. cxd5 Rd7 18. d6 Rxd6 19. Bc4 Rd8 20. Rc2 b5 21. Be2 Bb7 22. Qd3 Qb6 23. Rd1 Nxd4 24. Bxd4 Bxd4 25. Nxd4 e5 26. Qg3 exd4 27. Rc7 Rac8 28. Rxc8 Rxc8 29. Bd3 g6 30. h4 Qc5 31. b4 Qh5 32. f3 Re8 33. Qc7 Ba8 34. Qd7 Qe5 35. Bf1 Qe3+ 36. Kh2 Qe5+ 37. Kg1 Bd5 38. Qa7 Qe3+ 39. Kh2 Bxf3 40. gxf3 Qf2+ 41. Bg2 Qxh4+ 42. Kg1 Re1+ 43. Rxe1 Qxe1+ 44. Kh2 Qe5+ 45. Kh3 d3 46. Qxa6 d2 47. Qc8+ Kg7 48. Qd8 Qf5+ 49. Kg3 Qe5+ 50. Kh3 Qf4 51. Bh1 g5 52. Qd3 Qh4+ 53. Kg2 Qe1 54. Qd4+ f6 55. Qd7+ Kh6 56. Qh3+ Kg6 57. Qd7 d1=Q 58. Qxb5 Qxh1+ 59. Kf2 Qde1# 0-1

[Event "Djerba Festival Open-B 2025"]
[Site "Djerba"]
[Date "2025.02.21"]
[Round "5.26"]
[White "Chaudesaygues, Hugo"]
[Black "Badya, Vasily"]
[Result "0-1"]
[Annotator "NA RC"]
[ECO "B08"]
[WhiteElo "1624"]
[BlackElo "1765"]
[PlyCount "72"]
[EventDate "2025.02.15"]
[EventType "swiss"]
[EventCountry "TUN"]
[SourceTitle "playchess.com"]
[Source "ChessBase"]
[SourceQuality "1"]
[TimeControl "5400+30"]

1. e4 d6 2. d4 Nf6 3. Nc3 g6 4. Nf3 Bg7 5. Bc4 O-O 6. O-O Nxe4 7. Bxf7+ Rxf7 8. Nxe4 Bg4 9. Neg5 Rf8 10. h3 Bxf3 11. Nxf3 Nc6 12. c3 Kh8 13. Ng5 Qd7 14. Re1 e5 15. d5 Ne7 16. Ne6 Rf7 17. Nxg7 Kxg7 18. Qd2 Raf8 19. Rf1 Qb5 20. Qh6+ Kg8 21. Qh4 Qxd5 22. Bg5 Nf5 23. Qg4 h6 24. Be3 Nxe3 25. fxe3 Rxf1+ 26. Rxf1 Rxf1+ 27. Kxf1 Qd3+ 28. Kg1 Qxe3+ 29. Kh1 Qc1+ 30. Kh2 Qf4+ 31. Qg3 g5 32. h4 Kf7 33. Kh3 Qxh4+ 34. Qxh4 gxh4 35. c4 Kf6 36. Kg4 c6 0-1

[Event "Djerba Festival Open-B 2025"]
[Site "Djerba"]
[Date "2025.02.21"]
[Round "5.27"]
[White "Nahom, Perez"]
[Black "Bensaid, Brahim"]
[Result "1-0"]
[Annotator "NA RC"]
[ECO "E73"]
[WhiteElo "1641"]
[BlackElo "1743"]
[PlyCount "79"]
[EventDate "2025.02.15"]
[EventType "swiss"]
[EventCountry "TUN"]
[SourceTitle "playchess.com"]
[Source "ChessBase"]
[SourceQuality "1"]
[TimeControl "5400+30"]

1. d4 g6 2. Nf3 Bg7 3. c4 d6 4. e4 Nf6 5. Nc3 O-O 6. Bg5 Nc6 7. Be2 e5 8. dxe5 dxe5 9. Qxd8 Nxd8 10. Bxf6 Bxf6 11. Nd5 Bg7 12. Nxc7 Rb8 13. Nd5 Nc6 14. O-O h6 15. Bd3 Bg4 16. b4 f5 17. Nd2 Nd4 18. f3 Bh5 19. h3 f4 20. Nb3 g5 21. Nc5 Rfd8 22. Rac1 Bf7 23. Rfe1 h5 24. Nb3 Nxb3 25. axb3 Bxd5 26. exd5 Kf8 27. Be4 Ke7 28. c5 Kf6 29. b5 Bf8 30. d6 b6 31. b4 bxc5 32. bxc5 Rxb5 33. Red1 a5 34. c6 Bxd6 35. Rxd6+ Rxd6 36. c7 Rd1+ 37. Rxd1 Rc5 38. Rd7 a4 39. Rd6+ Ke7 40. Rc6 1-0

[Event "Djerba Festival Open-B 2025"]
[Site "Djerba"]
[Date "2025.02.21"]
[Round "5.28"]
[White "Ferahi, Tarik"]
[Black "Boudnani, Brahim"]
[Result "0-1"]
[Annotator "NA RC"]
[ECO "C41"]
[WhiteElo "1612"]
[BlackElo "1721"]
[PlyCount "62"]
[EventDate "2025.02.15"]
[EventType "swiss"]
[EventCountry "TUN"]
[SourceTitle "playchess.com"]
[Source "ChessBase"]
[SourceQuality "1"]
[TimeControl "5400+30"]

1. e4 d6 2. d4 Nf6 3. Nc3 Nbd7 4. Nf3 e5 5. Bc4 h6 6. Be3 c6 7. a4 Qc7 8. O-O Be7 9. d5 Nf8 10. Qd2 g5 11. Rfd1 Bg4 12. Be2 Ng6 13. b4 Nf4 14. Bxf4 gxf4 15. Nxe5 Bxe2 16. Nxe2 Nxe4 17. Qxf4 Nf6 18. Nf3 Nxd5 19. Qe4 Nf6 20. Qe3 d5 21. c3 Ne4 22. Nd2 f5 23. f3 Nxd2 24. Rxd2 Rg8 25. Re1 O-O-O 26. Qxa7 Bd6 27. f4 Bxf4 28. Nxf4 Qxf4 29. Rde2 h5 30. Re5 Rxg2+ 31. Kxg2 Rg8+ 0-1

[Event "Djerba Festival Open-B 2025"]
[Site "Djerba"]
[Date "2025.02.21"]
[Round "6.1"]
[White "Rafik yassine"]
[Black "Zenaidi, Sadok"]
[Result "0-1"]
[Annotator "NA RC"]
[ECO "D41"]
[WhiteElo "1909"]
[BlackElo "1872"]
[PlyCount "62"]
[EventDate "2025.02.15"]
[EventType "swiss"]
[EventCountry "TUN"]
[SourceTitle "playchess.com"]
[Source "ChessBase"]
[SourceQuality "1"]
[TimeControl "5400+30"]

1. c4 Nf6 2. Nc3 c5 3. g3 e6 4. Bg2 Nc6 5. Nf3 Be7 6. O-O O-O 7. d4 d5 8. cxd5 Nxd5 9. Nxd5 Qxd5 10. Ne5 Qxd4 11. Nxc6 bxc6 12. Bxc6 Rb8 13. Qc2 Rd8 14. Rb1 Bf6 15. b3 Qc3 16. Qe4 Rb4 17. Qf3 Qc2 18. Ba3 Rb8 19. Rfc1 Qxa2 20. Bxc5 Ba6 21. Bxa7 Bxe2 22. Qe3 Rd3 23. Bxb8 Rxe3 24. fxe3 g5 25. Be4 Kg7 26. b4 g4 27. Bg2 Bd3 28. Bc6 Bxb1 29. b5 Bd3 30. Bc7 Qb2 31. Rc5 Qb1+ 0-1

[Event "Djerba Festival Open-B 2025"]
[Site "Djerba"]
[Date "2025.02.21"]
[Round "6.2"]
[White "Azreug, Lazhar"]
[Black "Cherad, Mohammed"]
[Result "1-0"]
[Annotator "NA RC"]
[ECO "C42"]
[WhiteElo "1793"]
[BlackElo "1768"]
[PlyCount "138"]
[EventDate "2025.02.15"]
[EventType "swiss"]
[EventCountry "TUN"]
[SourceTitle "playchess.com"]
[Source "ChessBase"]
[SourceQuality "1"]
[TimeControl "5400+30"]

1. e4 e5 2. Nf3 Nf6 3. Nxe5 Nxe4 4. Qe2 Qe7 5. Qxe4 d6 6. d4 dxe5 7. dxe5 Nc6 8. Nc3 Qxe5 9. Qxe5+ Nxe5 10. Bf4 Bd6 11. Bg3 Bf5 12. O-O-O O-O 13. Nb5 Rfd8 14. Be2 Be4 15. f3 Bc6 16. Nxd6 cxd6 17. Rd4 Kf8 18. h4 f6 19. Rhd1 Ke7 20. Be1 b5 21. Bb4 Nf7 22. Re1 Kd7 23. Red1 Ke7 24. Ba5 Rd7 25. f4 f5 26. b3 a6 27. g4 Be4 28. Kb2 Rc8 29. c3 g6 30. Bb4 Ke6 31. a4 Rb8 32. axb5 axb5 33. Ra1 d5 34. Ra6+ Nd6 35. Rd1 h6 36. gxf5+ Bxf5 37. Bf3 Be4 38. Bxe4 dxe4 39. Raxd6+ Rxd6 40. Rxd6+ Kf5 41. Ra6 Rd8 42. c4 bxc4 43. bxc4 e3 44. Kc2 Rd4 45. Kb3 Rxf4 46. Be1 Rf1 47. Ra1 g5 48. hxg5 hxg5 49. Kc3 Ke4 50. c5 Rf5 51. Ra4+ Kf3 52. Rc4 Ke2 53. Bg3 Kf3 54. Be1 Ke2 55. c6 Rf8 56. c7 Rc8 57. Bg3 Kf3 58. Be5 g4 59. Kd3 g3 60. Rf4+ Kg2 61. Rg4 Kf2 62. Bxg3+ Kf3 63. Rg7 e2 64. Be1 Re8 65. Rf7+ Kg4 66. Rd7 Rc8 67. Kxe2 Kf5 68. Ba5 Ke6 69. Rd8 Rxd8 1-0

[Event "Djerba Festival Open-B 2025"]
[Site "Djerba"]
[Date "2025.02.21"]
[Round "6.3"]
[White "Marceil, Jean"]
[Black "Lebret, Jean-Michel"]
[Result "1-0"]
[Annotator "RC"]
[ECO "D32"]
[WhiteElo "1901"]
[BlackElo "1995"]
[PlyCount "72"]
[EventDate "2025.02.15"]
[EventType "swiss"]
[EventCountry "TUN"]
[SourceTitle "playchess.com"]
[Source "ChessBase"]
[SourceQuality "1"]
[TimeControl "5400+30"]

1. d4 d5 2. c4 e6 3. Nc3 c5 4. cxd5 exd5 5. Nf3 Nc6 6. e3 Nf6 7. Be2 Be7 8. O-O O-O 9. b3 Ne4 10. Bb2 Bf6 11. Na4 Bg4 12. Ne5 Bxe2 13. Qxe2 cxd4 14. exd4 Re8 15. Rac1 Rc8 16. Qb5 Nxe5 17. dxe5 Bxe5 18. Bxe5 Rxe5 19. Qxb7 Ra8 20. Rc7 Nd6 21. Qc6 Ne8 22. Rd7 Qc8 23. Qxc8 Rxc8 24. Rxa7 Re2 25. Nb6 Rd8 26. Rd1 Rd6 27. Kf1 Re5 28. Nc8 Rd8 29. f4 Re4 30. Ne7+ Kf8 31. Nxd5 Rxf4+ 32. Nxf4 Rd5 33. Rd2 Rxd2 34. Nd3 f6 35. a4 Nd6 36. Nc5 Ra2 1-0

[Event "Djerba Festival Open-B 2025"]
[Site "Djerba"]
[Date "2025.02.21"]
[Round "6.4"]
[White "Ajbara Jamal"]
[Black "Bensadi, Lotfi"]
[Result "1/2-1/2"]
[Annotator "RC"]
[ECO "E13"]
[WhiteElo "1898"]
[BlackElo "1971"]
[PlyCount "95"]
[EventDate "2025.02.15"]
[EventType "swiss"]
[EventCountry "TUN"]
[SourceTitle "playchess.com"]
[Source "ChessBase"]
[SourceQuality "1"]
[TimeControl "5400+30"]

1. d4 Nf6 2. Nf3 e6 3. c4 Bb4+ 4. Nc3 b6 5. Bg5 Bb7 6. e3 h6 7. Bh4 g5 8. Bg3 Bxc3+ 9. bxc3 d6 10. Bd3 Nbd7 11. a4 Qe7 12. a5 O-O 13. O-O e5 14. Bf5 Be4 15. Bxd7 Nxd7 16. Nd2 Bd3 17. Re1 f5 18. Qh5 Kg7 19. f4 gxf4 20. exf4 e4 21. Re3 Qf7 22. Qh3 Kh7 23. Bh4 Rg8 24. Bg5 Rg6 25. axb6 cxb6 26. Rae1 Kg7 27. Bh4 Re8 28. d5 Nc5 29. Bf2 a5 30. Nf3 Bxc4 31. Nh4 Rg4 32. Rg3 h5 33. Bd4+ Kg8 34. Rxg4+ hxg4 35. Qg3 a4 36. h3 Qh5 37. Re3 a3 38. hxg4 fxg4 39. f5 a2 40. Re1 Nd3 41. Qxd6 Nxe1 42. Qf6 Qh7 43. Qg5+ Kf7 44. Qf6+ Kg8 45. Qg5+ Kf7 46. Qf6+ Kg8 47. Qg5+ Kf8 48. Qf6+ 1/2-1/2

[Event "Djerba Festival Open-B 2025"]
[Site "Djerba"]
[Date "2025.02.21"]
[Round "6.5"]
[White "Kole, Arda"]
[Black "Dejardin, Gregoire"]
[Result "1-0"]
[Annotator "RC"]
[ECO "B12"]
[WhiteElo "1848"]
[BlackElo "1932"]
[PlyCount "86"]
[EventDate "2025.02.15"]
[EventType "swiss"]
[EventCountry "TUN"]
[SourceTitle "playchess.com"]
[Source "ChessBase"]
[SourceQuality "1"]
[TimeControl "5400+30"]

1. e4 c6 2. d4 d5 3. e5 Bf5 4. h4 h5 5. Bd3 Bxd3 6. Qxd3 e6 7. Nf3 Ne7 8. Bg5 Qb6 9. c4 dxc4 10. Qxc4 Qa6 11. b3 Nf5 12. O-O Qxc4 13. bxc4 Na6 14. Nc3 Be7 15. Rab1 b6 16. d5 Bb4 17. Ne2 cxd5 18. cxd5 exd5 19. Rfd1 d4 20. Nfxd4 Nxd4 21. Nxd4 O-O 22. Nc6 Bc5 23. Rd7 Nb8 24. Nxb8 Rfxb8 25. Kh2 Re8 26. f4 Re6 27. Rbd1 f6 28. exf6 gxf6 29. f5 Rc6 30. Bc1 a5 31. Bf4 Re8 32. R1d3 Bf8 33. Rg3+ Kh8 34. Rg6 Rc4 35. Bg3 Rg4 36. Rxf6 Bg7 37. Rff7 Re3 38. Bf2 Re2 39. f6 Bh6 40. Rh7+ Kg8 41. f7+ Kxh7 42. f8=Q+ Bg7 43. Qf5+ Kh8 1-0

[Event "Djerba Festival Open-B 2025"]
[Site "Djerba"]
[Date "2025.02.21"]
[Round "6.6"]
[White "Gely, Bernard"]
[Black "Tahir, Abderrahmane"]
[Result "0-1"]
[Annotator "NA RC"]
[ECO "E95"]
[WhiteElo "1928"]
[BlackElo "1891"]
[PlyCount "55"]
[EventDate "2025.02.15"]
[EventType "swiss"]
[EventCountry "TUN"]
[SourceTitle "playchess.com"]
[Source "ChessBase"]
[SourceQuality "1"]
[TimeControl "5400+30"]

1. d4 g6 2. c4 Nf6 3. Nc3 Bg7 4. e4 d6 5. Bd3 Nbd7 6. Nge2 e5 7. O-O exd4 8. Nxd4 Nc5 9. Re1 O-O 10. Bf1 Ne6 11. f3 Nxd4 12. Qxd4 Re8 13. Be3 Nxe4 14. Qd3 Nxc3 15. bxc3 Bf5 16. Qd2 h5 17. Rac1 b6 18. Bd4 Qd7 19. Qg5 Rxe1 20. Rxe1 Re8 21. Rxe8+ Qxe8 22. g4 hxg4 23. fxg4 Bb1 24. h4 c5 25. Bxg7 Kxg7 26. h5 Qe5 27. Qxe5+ dxe5 28. a3 0-1

[Event "Djerba Festival Open-B 2025"]
[Site "Djerba"]
[Date "2025.02.21"]
[Round "6.7"]
[White "Charfeddine, Akram"]
[Black "Schmittheisler, Guillaume"]
[Result "0-1"]
[Annotator "RC"]
[ECO "C01"]
[WhiteElo "1915"]
[BlackElo "1888"]
[PlyCount "90"]
[EventDate "2025.02.15"]
[EventType "swiss"]
[EventCountry "TUN"]
[SourceTitle "playchess.com"]
[Source "ChessBase"]
[SourceQuality "1"]
[TimeControl "5400+30"]

1. e4 e6 2. d4 d5 3. exd5 exd5 4. Bd3 Bd6 5. c3 Nf6 6. Nf3 O-O 7. O-O c6 8. Bg5 Bg4 9. Nbd2 Nbd7 10. Qc2 Qc7 11. Rfe1 Rfe8 12. h3 Bh5 13. g4 Bg6 14. Bxg6 hxg6 15. Kg2 Nf8 16. Rxe8 Rxe8 17. Re1 Ne6 18. Bxf6 Nf4+ 19. Kf1 Rxe1+ 20. Kxe1 gxf6 21. Ng1 c5 22. Ndf3 c4 23. Kf1 Qe7 24. Ne1 Kg7 25. Ng2 Nd3 26. b4 b5 27. Qe2 Bxb4 28. cxb4 Qxb4 29. Qc2 a5 30. Ne2 Qd6 31. f4 Qe6 32. Qd2 b4 33. Nc1 Nxc1 34. Qxc1 Qe4 35. g5 Qd3+ 36. Ke1 Qxd4 37. h4 b3 38. axb3 cxb3 39. Qd2 Qg1+ 40. Ke2 Qxg2+ 41. Kd3 Qxd2+ 42. Kxd2 fxg5 43. hxg5 d4 44. Kd3 a4 45. Kxd4 b2 0-1

[Event "Djerba Festival Open-B 2025"]
[Site "Djerba"]
[Date "2025.02.21"]
[Round "6.8"]
[White "Skhiri Youssef"]
[Black "Algadari, Mahmod"]
[Result "1-0"]
[Annotator "RC"]
[ECO "A16"]
[WhiteElo "1808"]
[BlackElo "1909"]
[PlyCount "98"]
[EventDate "2025.02.15"]
[EventType "swiss"]
[EventCountry "TUN"]
[SourceTitle "playchess.com"]
[Source "ChessBase"]
[SourceQuality "1"]
[TimeControl "5400+30"]

1. c4 Nf6 2. Nc3 d5 3. cxd5 Nxd5 4. e4 Nxc3 5. bxc3 g6 6. Bc4 Bg7 7. Nf3 O-O 8. O-O c5 9. Rb1 Nc6 10. h3 Rb8 11. Qc2 e5 12. d3 h6 13. Be3 Qe7 14. Bd5 Bd7 15. Qc1 Kh7 16. Re1 b6 17. Qc2 Rbc8 18. a3 f5 19. exf5 Bxf5 20. Qa4 Qf6 21. Bxc6 Rxc6 22. Nxe5 b5 23. Qxb5 Rb6 24. Nd7 Bxd7 25. Qxd7 Rf7 26. Qd5 Bf8 27. Bxc5 Bxc5 28. Qxc5 Rc6 29. Qd4 Qf5 30. Re5 Qc8 31. c4 Rd7 32. Qe3 Qf8 33. Re1 Rf7 34. Re7 Ra6 35. Rxf7+ Qxf7 36. Qe7 Kg7 37. Qxf7+ Kxf7 38. Ra1 Ke6 39. Kf1 Ke5 40. Ke2 Kd4 41. Kd2 Rf6 42. f3 Ra6 43. a4 Ra5 44. h4 g5 45. h5 a6 46. g4 Ke5 47. Ke3 Kd6 48. d4 Ke6 49. Kd3 Rf5 1-0

[Event "Djerba Festival Open-B 2025"]
[Site "Djerba"]
[Date "2025.02.21"]
[Round "6.9"]
[White "Guirat, Saber"]
[Black "Falezan, Arnaud"]
[Result "1-0"]
[Annotator "NA RC"]
[ECO "E04"]
[WhiteElo "1956"]
[BlackElo "1662"]
[PlyCount "58"]
[EventDate "2025.02.15"]
[EventType "swiss"]
[EventCountry "TUN"]
[SourceTitle "playchess.com"]
[Source "ChessBase"]
[SourceQuality "1"]
[TimeControl "5400+30"]

1. Nf3 Nf6 2. d4 d5 3. c4 e6 4. g3 dxc4 5. Bg2 Bb4+ 6. Bd2 Be7 7. O-O c5 8. dxc5 Bxc5 9. Qa4+ Bd7 10. Qxc4 Qb6 11. Nc3 Na6 12. Na4 Qb5 13. Qxb5 Bxb5 14. Nxc5 Nxc5 15. Nd4 Rd8 16. Be3 Ba6 17. b4 Nce4 18. b5 Rxd4 19. Bxd4 Bxb5 20. Bxa7 O-O 21. Bd4 Rd8 22. Bxf6 Nxf6 23. Bxb7 Bxe2 24. Rfc1 Rb8 25. Rc8+ Rxc8 26. Bxc8 Bf3 27. a4 Nd5 28. Bb7 Kf8 29. a5 e5 1-0

[Event "Djerba Festival Open-B 2025"]
[Site "Djerba"]
[Date "2025.02.21"]
[Round "6.10"]
[White "Nassr, Lina"]
[Black "Cornileau, Raphael"]
[Result "0-1"]
[Annotator "RC"]
[ECO "D05"]
[WhiteElo "1934"]
[BlackElo "1864"]
[PlyCount "84"]
[EventDate "2025.02.15"]
[EventType "swiss"]
[EventCountry "TUN"]
[SourceTitle "playchess.com"]
[Source "ChessBase"]
[SourceQuality "1"]
[TimeControl "5400+30"]

1. e3 Nf6 2. Nf3 e6 3. d4 d5 4. Bd3 Bd6 5. O-O O-O 6. b3 Nbd7 7. Bb2 c5 8. Nbd2 b6 9. Ne5 Bb7 10. Qe2 Re8 11. f4 Ne4 12. Rad1 f5 13. Nxe4 fxe4 14. Ba6 Bxa6 15. Qxa6 Nf6 16. Qe2 Rc8 17. c4 Qe7 18. dxc5 Bxc5 19. g4 Red8 20. f5 exf5 21. Rxf5 Qe6 22. Rdf1 Rf8 23. Bd4 Be7 24. cxd5 Nxd5 25. Qg2 Nc3 26. Qb2 Nb5 27. Qg2 Nd6 28. Rxf8+ Bxf8 29. h3 Be7 30. g5 Rc7 31. h4 Nf5 32. Qf2 Nd6 33. Qf4 Rc2 34. Rf2 Rc8 35. Qh2 Rc1+ 36. Kg2 Rc7 37. Qf4 Rc8 38. Qg3 Nf5 39. Qf4 Nxd4 40. exd4 Rc3 41. Qxe4 Qh3+ 42. Kg1 Rc1+ 0-1

[Event "Djerba Festival Open-B 2025"]
[Site "Djerba"]
[Date "2025.02.21"]
[Round "6.11"]
[White "Tkitek Mohamed Mejed"]
[Black "Zouaghi, Ahmed"]
[Result "0-1"]
[Annotator "RC"]
[ECO "A37"]
[WhiteElo "1875"]
[BlackElo "1919"]
[PlyCount "106"]
[EventDate "2025.02.15"]
[EventType "swiss"]
[EventCountry "TUN"]
[SourceTitle "playchess.com"]
[Source "ChessBase"]
[SourceQuality "1"]
[TimeControl "5400+30"]

1. c4 c5 2. g3 g6 3. Nc3 Bg7 4. Bg2 Nc6 5. Nf3 d6 6. a3 a5 7. O-O e5 8. h3 Nge7 9. e4 O-O 10. d3 h6 11. Nh4 g5 12. Nf3 f5 13. exf5 Bxf5 14. Nh2 Qd7 15. Nd5 Nxd5 16. Bxd5+ Kh8 17. Qh5 Qe8 18. Qxe8 Raxe8 19. Be4 Bxh3 20. Rd1 Bf5 21. Be3 a4 22. g4 Bxe4 23. dxe4 Nd4 24. Nf1 Rb8 25. Rab1 b5 26. Nd2 b4 27. Bxd4 exd4 28. Kg2 Rb7 29. Nf1 Be5 30. Rd3 Rfb8 31. Ng3 Bxg3 32. Rxg3 Kg7 33. Re1 Re7 34. b3 axb3 35. Rxb3 Kf6 36. f3 d5 37. cxd5 c4 38. Rxb4 Rxb4 39. axb4 Ke5 40. Kf2 Ra7 41. b5 Kd6 42. Rb1 Ra2+ 43. Ke1 c3 44. b6 Rb2 45. Rd1 Kc5 46. b7 Rxb7 47. Ke2 Kc4 48. f4 d3+ 49. Ke3 gxf4+ 50. Kxf4 c2 51. Rh1 d2 52. Rxh6 d1=Q 53. Rc6+ Kd4 0-1

[Event "Djerba Festival Open-B 2025"]
[Site "Djerba"]
[Date "2025.02.21"]
[Round "6.12"]
[White "Banat, Rizlene"]
[Black "Minde, Baptiste"]
[Result "1/2-1/2"]
[Annotator "NA RC"]
[ECO "A08"]
[WhiteElo "1785"]
[BlackElo "1896"]
[PlyCount "130"]
[EventDate "2025.02.15"]
[EventType "swiss"]
[EventCountry "TUN"]
[SourceTitle "playchess.com"]
[Source "ChessBase"]
[SourceQuality "1"]
[TimeControl "5400+30"]

1. Nf3 Nf6 2. g3 d5 3. c4 d4 4. d3 c5 5. Bg2 Nc6 6. Nbd2 e5 7. O-O Be7 8. a3 O-O 9. Ne1 Bf5 10. Nc2 Qd7 11. Rb1 a5 12. Ne4 Nxe4 13. Bxe4 Bh3 14. Bg2 Bxg2 15. Kxg2 f5 16. f3 Rad8 17. Bd2 f4 18. g4 h5 19. h3 Rf6 20. b4 Rg6 21. Rh1 Kf7 22. b5 Nb8 23. Bxa5 Rh8 24. Qg1 b6 25. Be1 Qb7 26. Kf1 hxg4 27. hxg4 Rxg4 28. Qxg4 Rxh1+ 29. Kg2 Rh6 30. Qf5+ Bf6 31. Bf2 Rg6+ 32. Kf1 Rg5 33. Qh3 g6 34. Ra1 Rh5 35. Qg4 Rg5 36. Qh3 Rh5 37. Qg4 Rg5 38. Qh3 Rh5 39. Qg4 Nd7 40. a4 Qa7 41. Be1 Bd8 42. Ra3 Nf6 43. Qc8 Bc7 44. Na1 Rh1+ 45. Kf2 Rh2+ 46. Kf1 Nh5 47. Qd7+ Kf6 48. Qg4 g5 49. Bf2 Ng7 50. Kg1 Rh8 51. Qd7 Rd8 52. Qc6+ Rd6 53. Qe4 Nf5 54. Nb3 Bd8 55. Be1 Re6 56. a5 Ne3 57. Ra2 g4 58. a6 gxf3 59. Qb7 Qxb7 60. axb7 Bc7 61. Ra8 Ke7 62. exf3 Rg6+ 63. Kh1 Rh6+ 64. Kg1 Rg6+ 65. Kh1 Rh6+ 1/2-1/2

[Event "Djerba Festival Open-B 2025"]
[Site "Djerba"]
[Date "2025.02.21"]
[Round "6.13"]
[White "MEZGOURI NOUREDDINE"]
[Black "Louvrier Saint-Mary, Jean-Roger"]
[Result "1-0"]
[Annotator "NA RC"]
[ECO "D01"]
[WhiteElo "1891"]
[BlackElo "1839"]
[PlyCount "61"]
[EventDate "2025.02.15"]
[EventType "swiss"]
[EventCountry "TUN"]
[SourceTitle "playchess.com"]
[Source "ChessBase"]
[SourceQuality "1"]
[TimeControl "5400+30"]

1. d4 Nf6 2. Nf3 e6 3. Bg5 Be7 4. Nc3 d5 5. e3 Nbd7 6. Bf4 Nh5 7. Bg3 Nxg3 8. hxg3 Bf6 9. Qd2 c6 10. e4 Nb6 11. O-O-O Bd7 12. Bd3 h6 13. g4 g5 14. e5 Be7 15. Rh5 Rg8 16. Rxh6 Nc4 17. Bxc4 dxc4 18. Rdh1 Qa5 19. Kb1 O-O-O 20. Ne4 Qc7 21. Nfxg5 c3 22. Qe3 Qb6 23. b3 Qa5 24. Nxf7 Rdf8 25. Nfd6+ Kc7 26. f3 b5 27. Qxc3 Qxc3 28. Nxc3 Bxd6 29. exd6+ Kxd6 30. Ne4+ Kc7 31. Rh7 1-0

[Event "Djerba Festival Open-B 2025"]
[Site "Djerba"]
[Date "2025.02.21"]
[Round "6.14"]
[White "Weslati, Monem"]
[Black "Ktita, Dhafer"]
[Result "0-1"]
[Annotator "NA RC"]
[ECO "E62"]
[WhiteElo "1591"]
[BlackElo "1949"]
[PlyCount "92"]
[EventDate "2025.02.15"]
[EventType "swiss"]
[EventCountry "TUN"]
[SourceTitle "playchess.com"]
[Source "ChessBase"]
[SourceQuality "1"]
[TimeControl "5400+30"]

1. Nf3 Nf6 2. d4 g6 3. g3 Bg7 4. Bg2 O-O 5. c4 d6 6. Nc3 Nc6 7. Bg5 h6 8. Bd2 Bg4 9. d5 Na5 10. Qa4 c5 11. dxc6 Nxc6 12. Qc2 Rc8 13. Qc1 Kh7 14. a3 Na5 15. Qd1 Nxc4 16. Bc1 Nd7 17. Rb1 Bf5 18. Ra1 Nxb2 19. Bxb2 Bxc3+ 20. Bxc3 Rxc3 21. Qd2 Rc2 22. Qb4 Qb6 23. Nd4 Rb2 24. Qxb6 Rxb6 25. Nxf5 gxf5 26. O-O Rc8 27. Rab1 Rxb1 28. Rxb1 b6 29. a4 Rc5 30. e4 fxe4 31. Bxe4+ Kg7 32. Rb4 d5 33. Bd3 Ne5 34. Be2 Rc2 35. Kf1 Rc1+ 36. Kg2 Rc5 37. Kg1 Rc2 38. Kf1 Rc1+ 39. Kg2 e6 40. Rf4 Re1 41. Bb5 Re4 42. Rxe4 dxe4 43. h3 f5 44. Kf1 Kf6 45. Ke2 Nf3 46. Ba6 Ng1+ 0-1

[Event "Djerba Festival Open-B 2025"]
[Site "Djerba"]
[Date "2025.02.21"]
[Round "6.15"]
[White "Abokrais, Kaled"]
[Black "Saidi, Bouziane"]
[Result "1-0"]
[Annotator "NA RC"]
[ECO "C55"]
[WhiteElo "1902"]
[BlackElo "1710"]
[PlyCount "107"]
[EventDate "2025.02.15"]
[EventType "swiss"]
[EventCountry "TUN"]
[SourceTitle "playchess.com"]
[Source "ChessBase"]
[SourceQuality "1"]
[TimeControl "5400+30"]

1. e4 e5 2. Nf3 Nc6 3. Bc4 d6 4. h3 Be7 5. Nc3 Nf6 6. d3 Na5 7. Bb3 Nxb3 8. axb3 O-O 9. O-O c6 10. Be3 b6 11. Nd2 Qc7 12. f4 Bb7 13. fxe5 dxe5 14. Nc4 Rfd8 15. Rf5 b5 16. Nd2 b4 17. Na4 c5 18. Qe1 h6 19. Qg3 Kh7 20. Qf2 Bc8 21. Rf3 Bd7 22. Bxc5 Bxc5 23. Qxc5 Qxc5+ 24. Nxc5 Rac8 25. Nxd7 Rxd7 26. Nc4 Re7 27. Ra5 Ne8 28. Rb5 f6 29. Rxb4 Rd7 30. Rf1 Rc6 31. Ra1 a6 32. Rb6 Rxb6 33. Nxb6 Rb7 34. Nc4 Nc7 35. Kf2 Ne6 36. Rxa6 Nd4 37. c3 Nxb3 38. Rb6 Rxb6 39. Nxb6 Kg6 40. Nc4 Kf7 41. Ke3 Ke6 42. Nd2 Nc5 43. b4 Na4 44. c4 Nc3 45. Nb3 Nd1+ 46. Kd2 Nf2 47. Ke3 Nd1+ 48. Kd2 Nf2 49. Ke2 Nh1 50. Kf3 h5 51. h4 f5 52. exf5+ Kxf5 53. b5 g5 54. g3 1-0

[Event "Djerba Festival Open-B 2025"]
[Site "Djerba"]
[Date "2025.02.21"]
[Round "6.16"]
[White "Chargui, Saleh"]
[Black "Kempinski, Andre"]
[Result "1-0"]
[Annotator "NA RC"]
[ECO "A85"]
[WhiteElo "1709"]
[BlackElo "1888"]
[PlyCount "107"]
[EventDate "2025.02.15"]
[EventType "swiss"]
[EventCountry "TUN"]
[SourceTitle "playchess.com"]
[Source "ChessBase"]
[SourceQuality "1"]
[TimeControl "5400+30"]

1. d4 f5 2. c4 Nf6 3. Nc3 e6 4. a3 a5 5. Nf3 d6 6. Bg5 Be7 7. h3 O-O 8. e3 Qe8 9. Nb5 Bd8 10. Bf4 Nbd7 11. Be2 e5 12. dxe5 dxe5 13. Bg5 Kh8 14. Bh4 Ra6 15. Qc2 Nc5 16. O-O-O Qe7 17. Bg3 Re6 18. Bh4 Nce4 19. Bd3 c6 20. Nc3 Nxc3 21. Qxc3 e4 22. Nd4 exd3 23. Nxe6 Bxe6 24. Rxd3 Qf7 25. Rhd1 Bc7 26. Bxf6 gxf6 27. b3 Qe7 28. Rf1 Qf7 29. Rfd1 Qe7 30. Rf1 Qf7 31. Rfd1 Qe7 32. c5 Bd5 33. f4 Qe6 34. R1d2 Qe7 35. Rd1 Qe6 36. Rg1 Qe7 37. Rgd1 Qe6 38. Rg1 Qe7 39. Rgd1 Qe6 40. Rg1 Re8 41. g4 Be4 42. Rd2 fxg4 43. hxg4 h6 44. g5 hxg5 45. Rxg5 Rg8 46. Rh2+ Bh7 47. Rd2 Be4 48. Rh2+ Bh7 49. Rgh5 Rg7 50. Rg5 Rg8 51. Rgh5 Rg7 52. Rh6 Qf5 53. Rc2 Rg1+ 54. Kb2 1-0

[Event "Djerba Festival Open-B 2025"]
[Site "Djerba"]
[Date "2025.02.21"]
[Round "6.17"]
[White "Baba, Jihed"]
[Black "Minde, Timothe"]
[Result "0-1"]
[Annotator "NA RC"]
[ECO "C11"]
[WhiteElo "1669"]
[BlackElo "1879"]
[PlyCount "80"]
[EventDate "2025.02.15"]
[EventType "swiss"]
[EventCountry "TUN"]
[SourceTitle "playchess.com"]
[Source "ChessBase"]
[SourceQuality "1"]
[TimeControl "5400+30"]

1. e4 e6 2. d4 d5 3. Nc3 Nf6 4. e5 Nfd7 5. f4 c5 6. Nf3 Nc6 7. Be3 cxd4 8. Nxd4 Bc5 9. Qd2 a6 10. a3 O-O 11. b4 Bxd4 12. Bxd4 Nxd4 13. Qxd4 Nb6 14. Qd2 Bd7 15. Bd3 Rc8 16. Ne2 Nc4 17. Bxc4 Rxc4 18. Nd4 Qb6 19. c3 Rfc8 20. Rc1 Qc7 21. Ne2 Re4 22. O-O Bb5 23. Rfe1 Bxe2 24. Rxe2 Rc4 25. Re3 d4 26. Rd3 Rxc3 27. Rcxc3 dxc3 28. Qc2 Qc4 29. g3 g6 30. Rd7 Qc6 31. Rd6 Qc4 32. Rd7 Kg7 33. Rd1 Qc6 34. Rd6 Qf3 35. Rd1 h5 36. Rf1 Qe3+ 37. Kg2 Rd8 38. Kh3 Rd2 39. Qc1 Qe2 40. Rh1 Qg4# 0-1